 Dungeon Crawl Stone Soup version 0.24.0-123-gd5b16e6ec5 (webtiles) character file.

Game seed: 14226909588831472597, levelgen mode: deterministic

77 Peloso the Shield-Bearer (level 4, 0/40 HPs)
             Began as a Minotaur Fighter on Jan 28, 2020.
             Killed from afar by Sigmund (11 damage)
             ... with a magic dart
             ... on level 3 of the Dungeon.
             The game lasted 00:03:49 (1748 turns).

Peloso the Shield-Bearer (Minotaur Fighter)         Turns: 1748, Time: 00:03:50

Health: 0/40       AC: 11    Str: 21    XL:     4   Next: 14%
Magic:  3/3        EV:  6    Int:  5    God:
Gold:   121        SH:  9    Dex: 10    Spells: 3/3 levels left

rFire    . . .     SeeInvis .   a - +0 long sword
rCold    . . .     Gourm    .   c - +0 shield
rNeg     . . .     Faith    .   j - +0 storm dragon scales
rPois    .         Spirit   .   (helmet restricted)
rElec    +         Reflect  .   (no cloak)
rCorr    .         Harm     .   (no gloves)
MR       .....                  (no boots)
Stlth    ..........             (no amulet)
HPRegen  0.13/turn              (no ring)
MPRegen  0.08/turn              (no ring)

@: no status effects
A: retaliatory headbutt, horns 2
a: no special abilities


You were on level 3 of the Dungeon.
You were near starving.

You visited 1 branch of the dungeon, and saw 3 of its levels.

You collected 121 gold pieces.

Inventory:

Hand Weapons
 a - a +0 long sword (weapon)
Armour
 b - a +0 scale mail
 c - a +0 shield (worn)
 j - +0 storm dragon scales (worn)
Scrolls
 g - a scroll of noise {unknown}
 h - a scroll of identify {unknown}
Potions
 d - 2 potions of might
Comestibles
 f - 4 rations


   Skills:
 + Level 4.1 Fighting
 + Level 3.7 Long Blades
 + Level 4.2 Armour
 + Level 1.0 Dodging
 + Level 4.2 Shields


You had 3 spell levels left.
You didn't know any spells.
Your spell library was empty.

Dungeon Overview and Level Annotations

Branches:
Dungeon (3/15)

Altars:
Fedhas
Qazlal
Wu Jian
The Shining One

Annotations:
D:3 Sigmund


Innate Abilities, Weirdness & Mutations

You reflexively headbutt those who attack you in melee.
You have a pair of horns on your head.


Message History

Something hits you but does no damage.
You miss something. You block something's attack.
You hit something. You hit something. You headbutt something.
You block something's attack.
You miss something. Something hits you.
You slash something! Your headbutt misses something. Something hits you.
You closely miss something. Something hits you!
You miss something. Something hits you.
* * * LOW HITPOINT WARNING * * *
You barely miss something. Your headbutt misses something.
You block something's attack.
You closely miss something. You headbutt something.
Something hits you but does no damage.
You barely miss something.
Your shield prevents you from hitting something.
Your headbutt misses something.
You hear some strange, mumbled words.
A magic dart appears from out of thin air!
The magic dart hits you!
You die...

#.####...(...#
#............#
#.#..(.(....##
#.#.###.....# #.#.#
####..#
#.#.######..#
#>†......+..#
#########.######..#
#..@{.....# ##
###(#########
#<(..# ###..# #.(#
#..# #..# #..# #..#


There were no monsters in sight!

Vanquished Creatures
  3 adders
  An ooze (D:1)
  A worm (D:2)
  2 leopard geckos
  4 bats (D:1)
  2 giant cockroaches (D:1)
  4 goblins
  5 hobgoblins
  A quokka (D:2)
  5 frilled lizards
  5 kobolds
  10 rats
43 creatures vanquished.

Notes
Turn   | Place    | Note
-------+----------+-------------------------------------------
     0 | D:1      | Peloso the Minotaur Fighter began the quest for the Orb.
     0 | D:1      | Reached XP level 1. HP: 19/19 MP: 0/0
   182 | D:1      | Reached XP level 2. HP: 26/27 MP: 1/1
   630 | D:1      | You fall into a shaft and drop 1 floor!
   666 | D:2      | Found a glowing golden altar of the Shining One.
   672 | D:2      | Reached XP level 3. HP: 29/33 MP: 2/2
   751 | D:2      | Found a blossoming altar of Fedhas.
   774 | D:2      | Found an ornate altar of the Wu Jian Council.
   785 | D:2      | Found a stormy altar of Qazlal.
  1259 | D:2      | Reached skill level 1 in Dodging
  1422 | D:3      | Reached XP level 4. HP: 36/40 MP: 3/3
  1434 | D:3      | Noticed Sigmund
  1748 | D:3      | Killed from afar by Sigmund

Levels and vault maps discovered:
D:1:      psy_arrival_radial01, layout_basic
D:2:      layout_basic, grunt_qazlal_sundering, overflow_temple_1_default,
          old_standard_altar, old_standard_altar, minmay_rat_gold_closets
D:3:      layout_basic, hangedman_decor_lopped, uniq_crazy_yiuf_cottage,
          uniq_sigmund

Skill      XL: |  1  2  3 |
---------------+----------+-----
Shields        | 4 |  4.2
Fighting       | 4 |  4.1
Armour         | 4 |  4.2
Long Blades    | 3 |  3.7
Dodging        | 1 |  1.0

Action                   |  1- 3 |  4- 6 || total
-------------------------+-------+-------++-------
Melee: Long sword        |    99 |    29 ||   128
       Headbutt          |    13 |     6 ||    19
  Use: Potion            |     2 |     1 ||     3
  Eat: Chunk             |     1 |       ||     1
Armor: Scale mail        |    27 |       ||    27
       Storm dragon scal |    13 |     7 ||    20
Dodge: Dodged            |    26 |     2 ||    28
Block: Shield            |    43 |    12 ||    55
       Rpst.: Long sword |     6 |       ||     6
